 Dungeon Crawl Stone Soup version 0.28-a0-1594-ga885d4b3d6 (webtiles) character file.

Game seed: 8448900967950311313

422 parzival7114810 the Chopper (level 6, -1/52 (53) HPs)
             Began as a Hill Orc Fighter on Jan 20, 2022.
             Slain by an ogre (4 damage)
             ... on level 5 of the Dungeon.
             The game lasted 00:07:59 (4692 turns).

parzival7114810 the Chopper (Hill Orc Fighter)      Turns: 4692, Time: 00:08:00

HP:   -1/52 (53)    AC:  9    Str: 21    XL:     6   Next: 95%
MP:   6/6           EV:  9    Int:  8    God:
Gold: 109           SH:  4    Dex: 10    Spells: 5/5 levels left

rFire   + . .      SeeInvis .   a - +1 war axe
rCold   + . .      Faith    .   c - +0 buckler
rNeg    . . .      Spirit   .   b - +0 scale mail
rPois   +          Reflect  .   h - +0 helmet
rElec   +          Harm     .   j - +0 cloak
rCorr   +          Rampage  .   (no gloves)
Will    .....                   (no boots)
Stlth   ..........              (no amulet)
HPRegen 0.17/turn               (no ring)
MPRegen 0.10/turn               (no ring)

@: resistant, lightly drained
A: no striking features
a: no special abilities


You were on level 5 of the Dungeon.
You visited 1 branch of the dungeon, and saw 4 of its levels.

You collected 142 gold pieces.
You spent 33 gold pieces at shops.

Inventory:

Hand Weapons
 a - a +1 war axe (weapon)
Armour
 b - a +0 scale mail (worn)
 c - a +0 buckler (worn)
 d - a +0 animal skin
 h - a +0 helmet (worn)
 j - a +0 cloak (worn)
Scrolls
 i - 5 scrolls of identify
Potions
 f - a potion of degeneration
 g - a potion of heal wounds {unknown}


   Skills:
 + Level 4.5 Fighting
 + Level 6.2 Axes
 + Level 5.2 Armour
 + Level 0.9 Dodging
 + Level 1.0 Stealth
 + Level 4.2 Shields


You had 5 spell levels left.
You didn't know any spells.
Your spell library was empty.

Dungeon Overview and Level Annotations

Branches:
Dungeon (3/15)

Altars:

Shops:
D:1 *


Message History

You slash the gnoll!
You kill the gnoll!
You slash the kobold!
You kill the kobold!
Your Stealth skill increases to level 1!
Unknown command.
Things that are here:
a +0 club; a kobold corpse You hit the kobold.
You kill the kobold!
You now have 109 gold pieces (gained 12).
Things that are here:
a +0 club; 19 stones; a kobold corpse You start resting.
An ogre comes into view. It is wielding a +0 giant club.
An ogre is nearby!
An ogre is nearby!
An ogre is nearby!
An ogre is nearby!
The ogre shouts!
Things that are here:
a +0 club; a kobold corpse You enter the shallow water.
Moving in this stuff is going to be slow.
You enter the shallow water.
Moving in this stuff is going to be slow.
The ogre completely misses you.
The ogre hits you with a +0 giant club!!
The ogre misses you.
Things that are here:
14 stones; an iguana skeleton The ogre hits you with a +0 giant club!!
* * * LOW HITPOINT WARNING * * *
You see here a +0 club.
The ogre closely misses you.
You feel protected.
A bullfrog skeleton comes into view.
You block the ogre's attack.
Found 27 sling bullets.
The ogre hits you with a +0 giant club.
You die...

K.....######### ...#
...h..'..Kg)..# ...#
#.....#.).....# ...#
#################''#####
≈≈≈≈≈≈≈≈≈≈≈≈≈≈≈≈.....≈≈≈
≈≈≈≈≈≈≈≈≈≈≈≈≈≈≈.....≈≈≈≈
≈≈≈≈≈≈≈≈≈≈≈≈≈≈≈)(...≈≈≈≈
≈≈≈≈.≈≈.≈≈≈≈≈≈.≈....≈≈≈.
.......@......))).......
(.......O...............
....###.Z..().#######...
.## #...)...# ###.
####)##########...
#.).......[..#
######.......# #.#####.#
#.# ....


You could see an ogre and a bullfrog skeleton.

Vanquished Creatures
  Sigmund (D:2)
  A kobold brigand (D:5)
  Jessica (D:2)
  An iguana (D:5)
  Robin (D:2)
  5 gnolls
  2 adders (D:2)
  An ufetubus (D:5)
  A worm (D:3)
  2 dart slugs
  An orc (D:3)
  2 endoplasms
  8 goblins
  5 hobgoblins
  2 quokkas
  6 ball pythons
  3 bats
  2 frilled lizards (D:1)
  17 kobolds
  A rat (D:3)
63 creatures vanquished.

Notes
Turn   | Place    | Note
-------+----------+-------------------------------------------
     0 | D:1      | parzival7114810 the Hill Orc Fighter began the quest for
                  | the Orb.
     0 | D:1      | Reached XP level 1. HP: 19/19 MP: 1/1
   136 | D:1      | Reached XP level 2. HP: 19/27 MP: 2/2
   873 | D:1      | Reached skill level 3 in Axes
   981 | D:1      | Found Quihuas's General Store.
  1451 | D:2      | Reached XP level 3. HP: 12/33 MP: 3/3
  2501 | D:2      | Noticed Jessica
  2502 | D:2      | Killed Jessica
  2503 | D:2      | Reached XP level 4. HP: 40/40 MP: 4/4
  2518 | D:2      | Noticed Robin
  2533 | D:2      | Killed Robin
  3019 | D:2      | Noticed Sigmund
  3053 | D:1      | Bought a throwing net for 33 gold pieces
  3082 | D:2      | Killed Sigmund
  3083 | D:2      | Reached skill level 5 in Axes
  3083 | D:2      | Reached XP level 5. HP: 33/47 MP: 5/5
  3083 | D:2      | Reached XP level 6. HP: 37/53 MP: 6/6
  4412 | D:3      | You fall into a shaft and drop 2 floors!
  4412 | D:5      | Entered Level 5 of the Dungeon
  4427 | D:5      | Reached skill level 5 in Armour
  4465 | D:5      | Reached skill level 6 in Axes
  4648 | D:5      | Reached skill level 1 in Stealth
  4684 | D:5      | HP: 1/52 [ogre (22)]
  4692 | D:5      | Slain by an ogre

Illustrated notes

Levels and vault maps discovered:
D:1:      dpeg_arrival_concentric_ovals, layout_basic, serial_shops, shop
D:2:      layout_basic, uniq_jessica, uniq_robin, uniq_sigmund
D:3:      minmay_octagon_keep, layout_loops_cross, serial_shops,
          nicolae_shop_stone
D:5:      minmay_goblin_kobold_castle, layout_loops_cross,
          overflow_temple_1_default, uniq_prince_ribbit1, uniq_pikel,
          uniq_grinder, uniq_crazy_yiuf_cottage

Skill      XL: |  1  2  3  4  5  6 |
---------------+-------------------+-----
Axes           | 3 5 6 |  6.2
Fighting       | 4 |  4.5
Armour         | 4 5 |  5.2
Shields        | 4 |  4.2
Stealth        | 1 |  1.0
Dodging        | |  0.9

Action                   |  1- 3 |  4- 6 || total
-------------------------+-------+-------++-------
Melee: War axe           |    83 |    99 ||   182
Throw: Throwing net      |       |     1 ||     1
  Use: Scroll            |     5 |     1 ||     6
       Potion            |     1 |     2 ||     3
 Stab: Held in net/web   |       |     1 ||     1
Armor: Scale mail        |    63 |    57 ||   120
Dodge: Dodged            |    48 |    68 ||   116
Block: Buckler           |    29 |    21 ||    50

Table legend: (Time is in decaauts)
 A = Elapsed time spent in this place.
 B = Non-inter-level travel time spent in this place.
 C = Inter-level travel time spent in this place.
 D = Time resting spent in this place.
 E = Time spent auto-exploring this place.
 F = Levels seen in this place.
 G = Mean time per level.
                   A        B        C        D        E       F      G
               +--------+--------+--------+--------+--------+-----+--------+
         Total |   4758 |   4676 |     82 |   2387 |   1546 |   4 | 1189.5 |
       Dungeon |   4758 |   4676 |     82 |   2387 |   1546 |   4 | 1189.5 |
               +--------+--------+--------+--------+--------+-----+--------+

Top non-repeatable levels by time:
     D:2: 2568 daAuts
     D:1: 1227 daAuts
     D:3: 669 daAuts
     D:5: 293 daAuts
